 Dungeon Crawl Stone Soup version 0.31-a0-640-g39d97e502b (webtiles) character file.

Game seed: 17106261633255148159

297764 GordonOverkill the Severer (level 20, -10/121 HPs)
             Began as a Vine Stalker Delver on Aug 28, 2023.
             Was a High Priest of Makhleb.
             Mangled by a vault warden
             ... wielding a +1 long sword
              (20 damage)
             ... on level 3 of the Vaults.
             The game lasted 01:30:35 (39907 turns).

GordonOverkill the Severer (Vine Stalker Delver)   Turns: 39907, Time: 01:30:36

Health: -10/121    AC: 25    Str: 27    XL:     20   Next: 94%
Magic:  0/26       EV: 12    Int: 10    God:    Makhleb [*****.]
Gold:   590        SH: 15    Dex: 17    Spells: 39/39 levels left

rFire   . . .        z - +6 broad axe (freeze)
rCold   + + .        C - +0 tower shield
rNeg    + . .        j - +0 plate armour "Hulas" {rC+ Str+4 SInv}
rPois   +            V - +2 hat {SInv}
rElec   +            k - +2 cloak
rCorr   .            r - +2 pair of gloves
SInv    +            E - +2 pair of boots
Will    +++++        Z - amulet "Jedarono" {RegenMP rC+} Stlth
                     R - ring of Luesukut {Contam rElec rPois rN+ Will+++ MP-9}
HPRegen 1.20/turn    f - +5 ring of evasion
MPRegen 0.60/turn

%: guardian spirit
@: no status effects
A: fangs 3, regeneration 1, magic shield, antimagic bite, no potion heal 2
}: 2/15 runes: serpentine, barnacled
a: Renounce Religion, Minor Destruction, Lesser Servant of Makhleb, Major
Destruction, Greater Servant of Makhleb


You were on level 3 of the Vaults.
You worshipped Makhleb.
Makhleb was extremely pleased with you.
You visited 6 branches of the dungeon, and saw 33 of its levels.
You also visited: Ice Cave and Volcano.

You collected 3875 gold pieces.
You spent 3285 gold pieces at shops.

Inventory:

Hand Weapons
 l - the +1 flail of Ottut {pain, rElec rC+ MP+9 Dex-5}
   (You took it off a salamander on level 2 of the Snake Pit)

   Dex-5:     It affects your dexterity (-5).
   rC+:       It protects you from cold.
   rElec:     It insulates you from electricity.
   MP+9:      It affects your magic capacity (+9).
 z - a +6 broad axe of freezing (weapon)
 Q - the +7 morningstar of Amorality {flame, rPois rCorr}
   (You found it on level 4 of the Snake Pit)

   rPois:     It protects you from poison rCorr: It protects you from acid and
   corrosion.
Missiles
 t - 35 boomerangs (quivered)
 u - 8 throwing nets
 F - 8 curare-tipped darts
 T - 13 javelins
Armour
 j - the +0 plate armour "Hulas" (worn) {rC+ Str+4 SInv}
   (You found it on level 1 of the Snake Pit)

   Str+4:     It affects your strength (+4).
   rC+:       It protects you from cold.
   SInv:      It lets you see invisible.
 k - a +2 cloak (worn)
 r - a +2 pair of gloves (worn)
 C - a +0 tower shield (worn)
 E - a +2 pair of boots (worn)
 V - a +2 hat of see invisible (worn)
 X - a scarf of invisibility
Jewellery
 b - a ring of fire
 f - a +5 ring of evasion (right hand)
 R - the ring of Luesukut (left hand) {Contam rElec rPois rN+ Will+++ MP-9}
   (You bought it in a shop on level 2 of the Shoals)

   [ring of positive energy]

   rElec:     It insulates you from electricity.
   rPois:     It protects you from poison rN+: It protects you from negative
   energy.
   Will+++:   It greatly increases your willpower.
   MP-9:      It affects your magic capacity (-9).
   Contam:    It causes magical contamination when unequipped.
 Z - the amulet "Jedarono" (around neck) {RegenMP rC+}
   (You found it in an ice cave)

   [amulet of magic regeneration]

   RegenMP:   It increases your rate of magic regeneration.
   rC+:       It protects you from cold.
Wands
 g - a wand of digging (30)
 i - a wand of roots (20)
 s - a wand of quicksilver (5)
 w - a wand of mindburst (14)
 H - a wand of flame (14)
 I - a wand of charming (20)
Scrolls
 c - 8 scrolls of fog
 d - 2 scrolls of blinking
 h - 3 scrolls of identify
 m - 4 scrolls of poison
 o - a scroll of immolation
 p - 12 scrolls of teleportation
 v - a scroll of enchant armour
 B - a scroll of revelation
 L - 5 scrolls of butterflies
 N - a scroll of fear
 W - a scroll of silence
Potions
 a - 7 potions of curing
 e - 3 potions of mutation
 n - 4 potions of might
 q - a potion of ambrosia
 x - 3 potions of invisibility
 A - 4 potions of lignification
 D - 6 potions of cancellation
 G - 4 potions of enlightenment
 K - 2 potions of resistance
 O - 2 potions of magic
Miscellaneous
 y - a phantom mirror
 J - a box of beasts


   Skills:
 + Level 19.3 Fighting
 - Level 2.0 Short Blades
 - Level 20.0 Axes
 - Level 2.0 Throwing
 + Level 7.1 Armour
 - Level 5.0 Dodging
 - Level 6.0 Stealth
 - Level 6.0 Shields
 - Level 10.0 Spellcasting
 + Level 6.8 Invocations
 - Level 15.0 Evocations


You had 39 spell levels left.
You didn't know any spells.
Your spell library contained the following spells:

 Spells                   Type           Power      Damage    Failure   Level
 Apportation              Tloc           10%        N/A       99%         1
 Foxfire                  Conj/Fire      20%        2x1d5     99%         1
 Sandblast                Erth           10%        2d5       99%         1
 Ensorcelled Hibernation  Hex/Ice        10%        N/A       100%        2
 Passwall                 Tmut/Erth      4%         N/A       100%        2
 Sublimation of Blood     Necr           5%         N/A       100%        2
 Wereblood                Tmut           5%         N/A       100%        2
 Stone Arrow              Conj/Erth      10%        3d7       100%        3
 Swiftness                Air            5%         N/A       100%        3
 Animate Armour           Summ/Erth      10%        N/A       100%        4
 Manifold Assault         Tloc           5%         N/A       100%        4
 Summon Lightning Spire   Summ/Air       5%         N/A       100%        4
 Alistair's Intoxication  Tmut/Pois      3%         N/A       100%        5
 Lee's Rapid Deconstruct  Erth           2%         3d5*      100%        5
 Conjure Ball Lightning   Conj/Air       2%         3x3d6     100%        6
 Dispersal                Tloc           2%         N/A       100%        6
 Plasma Beam              Fire/Air       2%         2x1d12    100%        6
 Starburst                Conj/Fire      2%         6d3       100%        6
 Summon Hydra             Summ           2%         N/A       100%        7
 Discord                  Hex            2%         N/A       100%        8
 Disjunction              Tloc           2%         N/A       100%        8


Dungeon Overview and Level Annotations

Branches:
Dungeon (15/15)            Temple (0/1) D:6            Lair (5/5) D:8
 Shoals (4/4) Lair:2        Snake (4/4) Lair:2        Slime (0/5) Lair:4
    Orc (2/2) D:9             Elf (0/3) Orc:2        Vaults (3/5) D:13
 Depths (0/4) D:15          IceCv (visited)         Volcano (visited)
  Crypt: Vaults:2-3

Altars:
Ashenzari
Cheibriados
Dithmenos
Hepliaklqana
Kikubaaqudgha
Makhleb
Nemelex Xobeh
Okawaru
Sif Muna
Trog
Vehumet
Wu Jian
Xom
Yredelemnul
Zin
The Shining One
Jiyva

Shops:
D:1 (!**   D:15 *   Orc:2 ([[[   Shoals:2 =   Snake:1 =:=   Snake:3 [
Snake:4 :   Vaults:3 =

Annotations:
D:15 3 runed translucent doors, Unaitaokh's ghost, journeyman DrMo


Innate Abilities, Weirdness & Mutations

You have razor-sharp teeth.
Your natural rate of healing is unusually fast.
When hurt, damage is shared between your health and your magic reserves.
Your bite disrupts and absorbs the magic of your enemies.
Potions cannot restore your health.


Message History

You slash the yaktaur! You freeze the yaktaur. The yaktaur hits you.
You block the vault warden's attack.
You hit the vault warden. You freeze the vault warden.
You bite the vault warden, but do no damage.
The vault warden is moderately wounded.
You slash the yaktaur! You freeze the yaktaur.
You kill the yaktaur!
Makhleb accepts your kill.
The vault warden hits you with a +1 long sword!!
* * * LOW HITPOINT WARNING * * *
You hit the vault warden. You freeze the vault warden.
You bite the vault warden!
The vault warden's magic leaks into the air.
You drain its magic.
You feel invigorated.
The vault warden is heavily wounded.
You hit the deep troll. You freeze the deep troll.
You barely miss the deep troll. You bite the deep troll! You drain its power.
You feel invigorated.
The deep troll is moderately wounded.
You slice the vault warden!! You freeze the vault warden!
The vault warden hits you with a +1 long sword!
* * * LOW HITPOINT WARNING * * *
The deep troll barely misses you.
The deep troll claws you but does no damage.
The deep troll barely misses you.
You closely miss the vault warden. You bite the vault warden.
The vault warden's magic leaks into the air.
You drain its magic.
You feel invigorated.
The vault warden is almost dead.
You hit the deep troll. You freeze the deep troll.
The vault warden hits you with a +1 long sword!!
* * * LOW HITPOINT WARNING * * *
You block the deep troll's attack. The deep troll barely misses you.
The deep troll closely misses you.
As you read the scroll of fear, it crumbles to dust.
You assume a fearsome visage.
The deep troll looks frightened!
The ironbound thunderhulk easily resists.
The vault warden resists with some effort.
The vault warden hits you with a +1 long sword!!
You die...

###############............♣#.
#...#.....#...#.............#.
#...+..<..+...#..........♣.∩#.
##..##...##..##..........####.
#...'...'...#................
##..##'''..##.)).......###'##
#.........#....####'###.....
##.......##....#......'.#'#'
#.......+)@)..#......#.#.#.
##+#######p)..#......#.#.##
#.......+O.T.#......#)####
#.......#....#......#.#..#
#.>.....#....#......#.##'#
#.......#....########.....
#.......#...... .######
#.......#....... .......
#########....... .......


You could see a vault warden (magic disrupted), an ironbound thunderhulk and a
deep troll (strong, fleeing).

Vanquished Creatures
  Mara (Snake:3)
  Bai Suzhen (Shoals:2)
  Xtahua (Vaults:2)
  Vashnia (Snake:3)
  Nikola (Vaults:2)
  Rupert (D:13)
  Mlioglotl (Snake:4)
  Gastronok (Lair:1)
  Kirke (D:13)
  The ghost of Scrael the Fencer, an adept DsGl of Uskayaw (Snake:2)
  Donald (Vaults:2)
  Polyphemus (Shoals:4)
  Aizul (Snake:4)
  Ilsuiw (Shoals:4)
  9 nagarajas
  The ghost of Kuunicon the Spry, an adept DsGl of Yredelemnul (Snake:3)
  7 vault wardens
  A frost giant (Shoals:4)
  7 stone giants
  8 ironbound preservers
  5 ironbound thunderhulks
  3 formless jellyfish
  Snorg (D:12)
  Josephine (D:11)
  5 merfolk javelineers
  9 merfolk impalers
  8 yaktaur captains
  An entropy weaver (Vaults:2)
  4 great orbs of eyes
  2 ice dragons (D:15)
  2 vault guards
  2 hydras
  A centaur warrior (D:14)
  5 ogre magi
  8 ironbound frosthearts
  2 catoblepae
  Erica (D:8)
  5 merfolk aquamancers
  An alligator snapping turtle (Shoals:4)
  8 anacondas
  2 boulder beetles
  3 merfolk avatars
  27 two-headed ogres
  14 naga warriors
  7 death yaks
  A tengu warrior (D:14)
  Urug (Lair:1)
  12 shock serpents
  16 naga sharpshooters
  A hell knight (Volcano)
  4 salamander mystics
  4 skysharks
  A skeletal warrior (D:13)
  Lodul (D:13)
  9 deep trolls
  23 sea snakes
  A glowing orange brain (Vaults:2)
  19 harpies
  3 naga ritualists
  An orc knight (Orc:1)
  4 wizards
  5 ironbound convokers
  4 lindwurms (Vaults:1)
  4 deep elf pyromancers
  A phantasmal warrior (Vaults:3)
  A spectral shock serpent (Snake:3)
  20 ugly things
  19 salamanders
  7 mana vipers
  19 manticores
  3 oklob plants
  10 elephants
  14 cyclopes
  A faun (Shoals:2)
  An ice statue (IceCv)
  3 guardian serpents
  4 merfolk sirens
  A black mamba (shapeshifter) (D:14)
  13 naga magi
  12 vault sentinels
  28 black mambas
  2 molten gargoyles (Volcano)
  A gargoyle (D:13)
  5 water nymphs
  21 yaktaurs
  3 kobold demonologists
  20 cane toads
  2 ice devils (Lair:3)
  2 unseen horrors
  A rime drake (Lair:3)
  A spectral salamander (Snake:3)
  2 freezing wraiths (D:15)
  8 komodo dragons
  7 trolls
  22 polar bears
  30 merfolk
  Grinder (D:3)
  18 blink frogs
  4 tyrant leeches (Lair:5)
  8 wind drakes
  11 snapping turtles
  9 dream sheep
  A shock serpent simulacrum (Snake:3)
  22 slime creatures
  9 wraiths
  3 centaur simulacra (D:13)
  8 water elementals
  4 wyverns
  35 yaks
  A vampire (D:12)
  5 basilisks
  A human (D:13)
  6 hogs (D:13)
  A fire bat (Volcano)
  A redback (Vaults:2)
  15 vampire mosquitoes
  2 steam dragons
  2 acid dragons (D:10)
  31 nagas
  11 water moccasins
  A sky beast (D:8)
  17 orc warriors
  A meliai simulacrum (D:13)
  7 black bears
  A black mamba simulacrum (Snake:3)
  3 boggarts (Vaults:2)
  3 ice beasts
  53 ogres
  41 wolves
  3 centaurs (D:14)
  6 kobold brigands
  A phantom (D:5)
  2 salamander simulacra (Snake:3)
  21 bullfrogs
  4 scorpions
  3 naga simulacra (Snake:3)
  7 wights
  4 killer bees (D:11)
  2 spectral nagas (Snake:3)
  7 howler monkeys
  12 electric eels
  6 lava snakes
  12 orc priests
  A gnoll bouda (D:9)
  5 jellies
  2 hounds
  5 iguanas
  Natasha (thrice) (D:2)
  13 orc wizards
  Robin (D:2)
  5 adders
  8 gnolls
  A river rat (D:8)
  A shadow imp (D:6)
  5 white imps
  A worm (D:15)
  2 dart slugs
  63 orcs
  7 endoplasms
  4 giant cockroaches
  22 goblins
  7 hobgoblins
  4 jackals (D:3)
  2 quokkas
  7 ball pythons
  3 bats
  A frilled lizard (D:1)
  27 kobolds
  5 rats
1203 creatures vanquished.

Vanquished Creatures (collateral kills)
  A vault warden (Vaults:2)
  An ironbound preserver (Vaults:2)
  An ironbound convoker (Vaults:2)
  2 ugly things (Vaults:2)
  A merfolk siren (Shoals:1)
  A vault sentinel (Vaults:2)
7 creatures vanquished.

Vanquished Creatures (others)
  A white imp (D:13)
1 creature vanquished.

Grand Total: 1211 creatures vanquished

Notes
Turn   | Place    | Note
-------+----------+-------------------------------------------
     0 | D:5      | GordonOverkill the Vine Stalker Delver began the quest for
                  | the Orb.
     0 | D:5      | Reached XP level 1. HP: 11/11 MP: 2/2
    22 | D:5      | Noticed a jelly
    40 | D:5      | Noticed a howler monkey
   129 | D:6      | Noticed a scorpion
   155 | D:6      | Noticed a bullfrog
   232 | D:5      | Noticed an ice beast
   246 | D:4      | Found a broken altar of Ashenzari.
   282 | D:4      | Found a radiant altar of Vehumet.
   283 | D:4      | Found a glowing golden altar of the Shining One.
   288 | D:4      | Found a shimmering blue altar of Sif Muna.
   289 | D:4      | Found a bloodstained altar of Trog.
   290 | D:4      | Found a sparkling altar of Nemelex Xobeh.
   290 | D:4      | Found a burning altar of Makhleb.
   291 | D:4      | Found a glowing silver altar of Zin.
   293 | D:4      | Became a worshipper of Trog the Wrathful
   295 | D:4      | Found an ancient bone altar of Kikubaaqudgha.
   298 | D:4      | Found a shimmering altar of Xom.
   299 | D:4      | Found a hazy altar of Hepliaklqana.
   423 | D:2      | Reached XP level 2. HP: 16/16 MP: 3/3
   774 | D:1      | Reached XP level 3. HP: 14/20 MP: 4/4
   806 | D:1      | Reached * piety under Trog
   940 | D:1      | Found Toitocvi's General Store.
   948 | D:1      | Bought a scroll of identify for 26 gold pieces
   954 | D:1      | Found Diaron's Distillery.
   992 | D:1      | Found Sekhloff's Weapon Emporium.
  1468 | D:1      | Found Zanebur's General Store.
  1738 | D:2      | Noticed Robin
  1748 | D:2      | Reached skill level 1 in Evocations
  1760 | D:2      | Killed Robin
  1761 | D:2      | Reached skill level 1 in Armour
  1761 | D:2      | Gained mutation: Your natural rate of healing is unusually
                  | fast. [Vine Stalker growth]
  1761 | D:2      | Reached XP level 4. HP: 20/25 MP: 5/5
  1922 | D:2      | Noticed Natasha
  1926 | D:2      | Killed Natasha
  1927 | D:2      | Reached skill level 1 in Axes
  2132 | D:2      | Found a faded altar of an unknown god.
  2242 | D:2      | Noticed Natasha
  2254 | D:2      | Killed Natasha
  2255 | D:2      | Reached XP level 5. HP: 27/29 MP: 6/6
  2324 | D:2      | Noticed Natasha
  2330 | D:2      | Killed Natasha
  2681 | D:2      | Found a faded altar of an unknown god.
  3012 | D:3      | Reached skill level 1 in Throwing
  3117 | D:3      | Noticed Grinder
  3143 | D:3      | Reached ** piety under Trog
  3154 | D:3      | Killed Grinder
  3155 | D:3      | Reached skill level 2 in Axes
  3155 | D:3      | Reached XP level 6. HP: 33/33 MP: 7/7
  3244 | D:3      | Reached skill level 3 in Axes
  3244 | D:3      | Reached XP level 7. HP: 37/37 MP: 8/8
  4295 | D:5      | Reached skill level 4 in Axes
  4410 | D:5      | Gained mutation: You have razor-sharp teeth. [Vine Stalker
                  | growth]
  4410 | D:5      | Reached XP level 8. HP: 42/42 MP: 9/9
  4420 | D:5      | Reached skill level 5 in Axes
  4616 | D:5      | Reached skill level 6 in Axes
  4940 | D:1      | Bought a +3 broad axe of freezing for 314 gold pieces
  5184 | D:6      | Identified the +7 dagger "Todifaur" {spect, rF+}
  5187 | D:6      | Found a staircase to the Ecumenical Temple.
  5429 | D:6      | Reached skill level 7 in Axes
  5532 | D:6      | Reached XP level 9. HP: 42/45 MP: 10/10
  5585 | D:6      | Reached *** piety under Trog
  5586 | D:6      | Reached skill level 8 in Axes
  6651 | D:8      | Reached skill level 9 in Axes
  6806 | D:8      | Found a staircase to the Lair.
  6806 | D:8      | Noticed a death yak
  6807 | D:8      | Noticed a death yak
  6808 | D:8      | Noticed a death yak
  6822 | D:8      | Killed a death yak
  6823 | D:8      | Reached skill level 10 in Axes
  6842 | D:8      | Killed a death yak
  6843 | D:8      | Reached skill level 5 in Fighting
  6843 | D:8      | Reached XP level 10. HP: 21/51 MP: 11/11
  6846 | D:8      | Killed a death yak
  6979 | D:8      | Found an iron altar of Okawaru.
  6983 | D:8      | Noticed Erica
  6992 | D:8      | Killed Erica
  6993 | D:8      | Reached skill level 11 in Axes
  7470 | D:9      | Noticed a two-headed ogre
  7477 | D:9      | Killed a two-headed ogre
  8019 | D:9      | Found a staircase to the Orcish Mines.
  8041 | D:9      | Reached XP level 11. HP: 45/59 MP: 9/12
  8046 | D:9      | Reached skill level 12 in Axes
  8438 | D:10     | Entered Level 10 of the Dungeon
  8563 | D:10     | Noticed a two-headed ogre
  8568 | D:10     | Killed a two-headed ogre
  8810 | D:10     | Identified the +1 robe of Eternity {rElec rCorr MP-9 Int-4}
  8828 | D:10     | Reached **** piety under Trog
  9105 | D:10     | Found a basalt altar of Yredelemnul.
  9105 | D:10     | Found an ornate altar of the Wu Jian Council.
  9293 | D:11     | Noticed a cyclops
  9301 | D:11     | Killed a cyclops
  9302 | D:11     | Reached skill level 13 in Axes
  9465 | D:11     | Noticed Josephine
  9474 | D:11     | Killed Josephine
  9789 | D:11     | Noticed a two-headed ogre
  9797 | D:11     | Killed a two-headed ogre
  9798 | D:11     | Reached skill level 14 in Axes
  9798 | D:11     | Reached XP level 12. HP: 66/66 MP: 13/13
 10457 | D:12     | Noticed a two-headed ogre
 10465 | D:12     | Killed a two-headed ogre
 10519 | D:12     | Noticed a two-headed ogre
 10525 | D:12     | Killed a two-headed ogre
 10722 | D:12     | Noticed Snorg
 10735 | D:12     | Killed Snorg
 10736 | D:12     | Reached skill level 5 in Armour
 10903 | D:12     | Identified the +1 ring mail "Xyomum Cenna" {rC+ Will+
                  | rCorr}
 11531 | D:13     | Reached skill level 10 in Fighting
 11537 | D:13     | Noticed Rupert
 11575 | D:13     | Killed Rupert
 11735 | D:13     | Noticed Lodul
 11741 | D:13     | Killed Lodul
 11748 | D:13     | Reached XP level 13. HP: 72/72 MP: 14/14
 11780 | D:13     | Reached skill level 15 in Axes
 11861 | D:13     | Noticed Kirke
 11870 | D:13     | Reached ***** piety under Trog
 11871 | D:13     | Killed Kirke
 11931 | D:13     | Noticed an ironbound thunderhulk
 12459 | D:13     | Found a gate to the Vaults.
 12752 | D:13     | Killed an ironbound thunderhulk
 13135 | D:13     | Found a gate to the Vaults.
 13355 | Lair:1   | Entered Level 1 of the Lair of Beasts
 13578 | Lair:1   | Identified the +0 robe of the Dolphin {-Cast +Blink rF+
                  | rC+}
 13594 | Lair:1   | Noticed Gastronok
 13604 | Lair:1   | Killed Gastronok
 13638 | Lair:1   | Identified the +0 cloak "Wouh" {Rampage *Slow +Inv SInv}
 13914 | Lair:1   | Noticed Urug
 13928 | Lair:1   | Killed Urug
 13929 | Lair:1   | Reached skill level 16 in Axes
 14742 | Lair:2   | Reached XP level 14. HP: 59/81 MP: 12/15
 14927 | Lair:2   | Found a staircase to the Shoals.
 15036 | Lair:2   | Received a gift from Trog
 15340 | Lair:2   | Found a staircase to the Snake Pit.
 15464 | Lair:3   | Found a frozen archway.
 15517 | IceCv    | Entered an ice cave
 16225 | IceCv    | Reached skill level 17 in Axes
 16467 | IceCv    | Identified the amulet "Jedarono" {RegenMP rC+}
 16908 | Lair:3   | Found a hazy altar of Hepliaklqana.
 17970 | Lair:4   | Found a staircase to the Slime Pits.
 18220 | Lair:5   | Entered Level 5 of the Lair of Beasts
 18222 | Lair:5   | Found a gate leading to a gauntlet.
 18233 | Lair:5   | Found a dark tunnel.
 18284 | Volcano  | Entered a volcano
 18442 | Volcano  | Found a burning altar of Makhleb.
 18641 | Volcano  | Reached XP level 15. HP: 88/88 MP: 16/16
 19162 | Lair:5   | Reached skill level 18 in Axes
 20615 | D:14     | Reached skill level 15 in Fighting
 20705 | D:14     | Identified the +4 rapier "Lakiude" {spect, rF+ Str+7 Dex-4}
 21092 | D:15     | Entered Level 15 of the Dungeon
 21172 | D:15     | Reached skill level 19 in Axes
 21257 | D:15     | Found a runed translucent gate.
 21257 | D:15     | Found a runed translucent gate.
 21257 | D:15     | Found a runed translucent gate.
 21260 | D:15     | Noticed an acid blob
 21260 | D:15     | Noticed an azure jelly
 21261 | D:15     | Noticed Unaitaokh's ghost (journeyman DrMo)
 21326 | D:15     | Reached skill level 1 in Spellcasting
 21603 | D:15     | Found Linloab's Assorted Antiques.
 21610 | D:15     | Bought a scroll of blinking for 232 gold pieces
 21610 | D:15     | Bought a scroll of enchant armour for 232 gold pieces
 21610 | D:15     | Bought a scroll of fear for 124 gold pieces
 21610 | D:15     | Bought a scroll of identify for 62 gold pieces
 21611 | D:15     | Reached XP level 16. HP: 95/95 MP: 20/20
 21628 | D:15     | Found a snail-covered altar of Cheibriados.
 21745 | D:15     | Reached skill level 5 in Dodging
 21833 | D:15     | Found a staircase to the Depths.
 21918 | D:15     | Found a viscous altar of Jiyva.
 22044 | Orc:1    | Entered Level 1 of the Orcish Mines
 22122 | Orc:2    | Entered Level 2 of the Orcish Mines
 22148 | Orc:2    | Found a staircase to the Elven Halls.
 22208 | Orc:2    | Reached XP level 17. HP: 92/99 MP: 22/22
 22549 | Orc:2    | Found Yrer's Antique Armour Boutique.
 22549 | Orc:2    | Found Ruhasadgh's Antique Armour Shoppe.
 22550 | Orc:2    | Found Uluamezaeck's Armour Shoppe.
 22550 | Orc:2    | Found Dazebeukh's Antique Weapon Shop.
 22566 | Orc:2    | Bought a shiny buckler for 232 gold pieces
 22572 | Orc:2    | Bought a glowing broad axe for 175 gold pieces
 22573 | Orc:2    | Bought a +0 pair of gloves for 63 gold pieces
 23611 | Snake:1  | Entered Level 1 of the Snake Pit
 23618 | Snake:1  | Reached skill level 1 in Shields
 23618 | Snake:1  | Reached skill level 5 in Spellcasting
 23675 | Snake:1  | Identified the +0 plate armour "Hulas" {rC+ Str+4 SInv}
 24559 | Snake:1  | Found Iggar's Jewellery Shoppe.
 24559 | Snake:1  | Found Ubeocoif's Book Boutique.
 24560 | Snake:1  | Found Fuhuth's Jewellery Shoppe.
 25297 | Snake:2  | You fall into a shaft and drop 1 floor!
 25375 | Snake:2  | Found a runed translucent door.
 25415 | Snake:2  | Noticed Scrael's ghost (adept DsGl)
 26045 | Snake:2  | Killed Scrael's ghost
 26265 | Snake:3  | Identified the +1 flail of Ottut {pain, rElec rC+ MP+9
                  | Dex-5}
 26472 | Snake:3  | Found Esuxuexu's Armour Shop.
 26496 | Snake:3  | Reached XP level 18. HP: 89/104 MP: 25/29
 26542 | Snake:3  | Noticed Mara
 26557 | Snake:3  | Killed Mara
 26558 | Snake:3  | Reached skill level 20 in Axes
 26605 | Snake:3  | Reached skill level 5 in Shields
 26633 | Snake:3  | Found a runed translucent gate.
 26633 | Snake:3  | Found a runed translucent gate.
 26636 | Snake:3  | Found a runed translucent gate.
 26640 | Snake:3  | Noticed Kuunicon's ghost (adept DsGl)
 26656 | Snake:3  | Noticed Vashnia
 26683 | Snake:3  | Killed Vashnia
 27580 | Snake:3  | Killed Kuunicon's ghost
 27676 | Snake:4  | Entered Level 4 of the Snake Pit
 27931 | Snake:4  | Identified the +7 morningstar of Amorality {flame, rPois
                  | rCorr}
 28235 | Snake:4  | Noticed Mlioglotl
 28242 | Snake:4  | Killed Mlioglotl
 28482 | Snake:4  | Found Hesuib's Vocational Training.
 28494 | Snake:4  | Bought a manual of Evocations for 1200 gold pieces
 28769 | Snake:4  | Fell from the grace of Trog
 28769 | Snake:4  | Reached skill level 10 in Spellcasting
 29222 | D:4      | Became a worshipper of Makhleb the Destroyer
 29894 | Snake:4  | HP: 3/108 [stone giant[the rage of Trog] (14)]
 30136 | Snake:4  | Noticed Aizul
 30141 | Snake:4  | Reached skill level 1 in Invocations
 30141 | Snake:4  | Reached skill level 5 in Evocations
 30153 | Snake:4  | Killed Aizul
 30368 | Snake:4  | Got a serpentine rune of Zot
 30540 | Shoals:1 | Entered Level 1 of the Shoals
 30546 | Shoals:1 | Reached XP level 19. HP: 112/112 MP: 34/34
 30747 | Shoals:1 | HP: 2/168 [stone giant[the rage of Trog] (27)]
 30761 | Shoals:1 | Reached * piety under Makhleb
 31615 | Shoals:2 | Found Fiavui's One-of-a-Kind Rings.
 31755 | Shoals:2 | Found the +3 salamander hide armour {Flames, rFlCloud rF++
                  | rC--}
 32927 | Shoals:2 | Reached skill level 5 in Invocations
 32940 | Shoals:3 | Reached ** piety under Makhleb
 32990 | Shoals:3 | Found a shadowy altar of Dithmenos.
 32993 | Shoals:3 | Noticed Bai Suzhen
 33044 | Shoals:2 | Killed Bai Suzhen
 33891 | Shoals:4 | Entered Level 4 of the Shoals
 33894 | Shoals:4 | Noticed Ilsuiw
 33917 | Shoals:4 | Killed Ilsuiw
 33918 | Shoals:4 | Reached skill level 10 in Evocations
 34604 | Shoals:4 | Identified the ring "Nadusch" {Fly rC- rCorr Dex+2}
 34900 | Shoals:4 | Identified the +3 war axe "Birakeint" {distort, rElec rPois
                  | Int+3}
 34974 | Shoals:4 | Reached *** piety under Makhleb
 34994 | Shoals:4 | Noticed Polyphemus
 35014 | Shoals:4 | Killed Polyphemus
 35884 | Shoals:4 | Got a barnacled rune of Zot
 36153 | Shoals:4 | Reached XP level 20. HP: 100/120 MP: 35/35
 36300 | Shoals:2 | Bought the ring of Luesukut {Contam rElec rPois rN+ Will+++
                  | MP-9} for 625 gold pieces
 36569 | Vaults:1 | Entered Level 1 of the Vaults
 36710 | Vaults:1 | Reached **** piety under Makhleb
 37371 | Vaults:1 | Paralysed by Trog for 3 turns
 37693 | Vaults:2 | Paralysed by Trog for 3 turns
 37847 | Vaults:2 | Noticed Donald
 37860 | Vaults:2 | Killed Donald
 38040 | Vaults:2 | Noticed Xtahua
 38054 | Vaults:2 | Reached ***** piety under Makhleb
 38057 | Vaults:2 | HP: 1/121 [Xtahua (10)]
 38059 | Vaults:2 | Killed Xtahua
 38787 | Vaults:2 | Noticed Nikola
 38801 | Vaults:2 | Killed Nikola
 38911 | Vaults:2 | Reached skill level 15 in Evocations
 39767 | Vaults:3 | Found Nudy's Jewellery Shoppe.
 39907 | Vaults:3 | Mangled by a vault warden

Illustrated notes

Levels and vault maps discovered:
D:1:      lemuel_arrival_funnel, layout_basic, serial_shops, shop, shop, shop,
          shop, glass_columns_b
D:2:      kennysheep_big_flooded_room, layout_loops_ring,
          shapermc_ecumenical_altar_mp_vishouse, glass_columns_a, st_stairs_13,
          minmay_strange_pillars, uniq_natasha, uniq_robin
D:3:      layout_basic, minmay_circle_x, uniq_grinder
D:4:      layout_loops_ring, nicolae_overflow_hallway_of_the_gods,
          serial_bayou_lagoon_b
D:5:      layout_loops_cross
D:6:      layout_basic, temple_doors_e, st_stairs_1
D:7:      layout_loops_ring
D:8:      layout_rooms, mainiacjoe_overflow_surrounded_room, dpeg_lair_monsters,
          uniq_erica
D:9:      layout_long_grid, minmay_orc_entry_temple_small
D:10:     layout_roguey, gammafunk_temple_overflow_pools
D:11:     layout_irregular_city, serial_park_tiny_1, uniq_josephine
D:12:     layout_irregular_city, uniq_snorg
D:13:     layout_gridville, hellmonk_vaults_keyhole, serial_ice, serial_ice_o,
          serial_ice_m, serial_ice_g, serial_ice_j, serial_ice_h, serial_ice_f,
          grunt_decor_junction, uniq_rupert, uniq_kirke, uniq_lodul
D:14:     layout_cross, chequers_serial_rivers_micro_c
D:15:     grunt_enter_depths_hoard, layout_long_grid,
          minmay_misc_feat_nine_boxes, serial_shops, nicolae_square_shop,
          gammafunk_ghost_ooze, slow_altar_1
Lair:1:   layout_gridlike, minmay_holes, small_statue_intersection,
          grunt_megastairs_4, uniq_urug, uniq_gastronok
Lair:2:   layout_loops_ring, nicolae_shoals_entry_roost,
          nicolae_snake_entry_squirm
Lair:3:   layout_gridlike, basic_altar, portal_ice_cave_demonic_guard,
          columned_hall_lemuel
Lair:4:   layout_small_grid, minmay_slime_entry_oklob_open
Lair:5:   minmay_lair_end_frog_pond, layout_misc_corridors,
          nicolae_volcano_entry_lava_flow, gauntlet_entry_generic,
          dreamdust_mushroom_princess, minmay_lair_oklob_bushes,
          nicolae_quartered_pool_medium, nicolae_lair_liquid_snakes
Shoals:1: layout_shoals, nzn_prometheus_bound
Shoals:2: layout_shoals, nicolae_shop_unique_rings
Shoals:3: layout_shoals, lemuel_oklob_altar, uniq_bai_suzhen
Shoals:4: shoals_end_grunt_ice, layout_shoals, shoal_ilsuiw,
          nicolae_shoals_wave_tunnel, uniq_polyphemus
Snake:1:  layout_basic, minmay_shop_grove, lemuel_fruit_tree
Snake:2:  layout_onion_interference, hellmonk_ghost_happy_afterlife
Snake:3:  layout_rooms, gammafunk_ghost_necromancy, serial_shops,
          nicolae_shop_tiny_real_fake_doors, nicolae_snake_gridmaze_squiggle,
          serial_bayou_shore_b, uniq_mara, uniq_vashnia
Snake:4:  grunt_snake_rune_pools, layout_basic, st_stairs_11,
          nicolae_shop_vocational, uniq_aizul, uniq_mlioglotl
Orc:1:    nicolae_orc_accident_1, layout_diamond_mine, gammafunk_ghost_grave
Orc:2:    st_orc_ogre_mass, layout_diamond_mine
Vaults:1: nicolae_vaults_shrinking_rooms_2, nicolae_vaults_house_2,
          hangedman_vaults_stagger, grunt_vaults_focal, hangedman_vaults_corner,
          nicolae_vaults_doubleplus_tesselated, nicolae_vaults_circle_grid_a,
          nicolae_vaults_sightless_eye, vaults_room_fours, layout_vaults_omnibox
Vaults:2: nicolae_vaults_frosty_reception, nicolae_vaults_tangram_2,
          nicolae_vaults_tetromino_Z_2, nicolae_vaults_border_crossing,
          hangedman_vaults_trim, nicolae_vaults_hexular_roomagon,
          nicolae_vaults_tetromino_T_2, layout_vaults_chaotic_city, uniq_xtahua,
          uniq_nikola, uniq_donald
Vaults:3: mu_enter_wizlab_3, nicolae_vaults_trapezoid_layered,
          hangedman_vaults_river_flow, nicolae_vaults_closet_pinwheel_4,
          nicolae_vaults_specimen_jars, nicolae_vaults_storage_room_statues,
          v_misc_26, vaults_mumra_hexcomb, nicolae_vaults_shelves_hall,
          blue_anna_dwarven_crypt, nicolae_vaults_sealed_display,
          nicolae_vaults_wine_cellar, vaults_dpeg_diagonal,
          layout_vaults_quadrants, serial_shops,
          nicolae_shop_pleasant_corner_grove

Skill      XL: |  1  2  3  4  5  6  7  8  9 10 11 12 13 14 15 16 17 18 19 20 |
---------------+-------------------------------------------------------------+-----
Fighting       | 3 4 5 7 9 10 12 14 15 16 17 18 19 | 19.3
Short Blades   | 2 |  2.0
Evocations     | 1 2 3 6 13 15 | 15.0
Armour         | 1 2 4 6 7 |  7.1
Axes           | 1 2 3 4 7 10 11 14 16 17 19 20 | 20.0
Throwing       | 2 |  2.0
Spellcasting   | 2 7 10 | 10.0
Dodging        | 4 5 |  5.0
Shields        | 4 6 |  6.0
Invocations    | 2 5 6 |  6.8
Stealth        | |  6.0

Action                     |  1- 3 |  4- 6 |  7- 9 | 10-12 | 13-15 | 16-18 | 19-21 || total
---------------------------+-------+-------+-------+-------+-------+-------+-------++-------
  Melee: Short sword       |    53 |       |       |       |       |       |       ||    53
         Bite              |    32 |    22 |    79 |    89 |   291 |   328 |   484 ||  1325
         Dagger            |    65 |    78 |   121 |       |       |       |       ||   264
         Punch             |       |       |     4 |       |    10 |     4 |       ||    18
         Broad axe         |       |       |    95 |   304 |   780 |   861 |  1084 ||  3124
         Eveningstar       |       |       |       |       |     7 |       |       ||     7
         Morningstar       |       |       |       |       |       |       |    14 ||    14
  Throw: Dart              |       |       |       |       |     2 |       |       ||     2
         Boomerang         |       |       |       |       |     5 |     8 |     4 ||    17
 Invoke: Berserk           |       |     2 |     8 |    27 |    40 |    16 |       ||    93
         Trog's Hand       |       |       |     1 |       |     5 |     2 |       ||     8
         Lesser Servant of |       |       |       |       |       |       |     3 ||     3
  Evoke: Wand              |       |       |       |       |    13 |    15 |     2 ||    30
         Box of beasts     |       |       |       |       |     1 |     1 |     1 ||     3
         Phantom mirror    |       |       |       |       |       |     1 |       ||     1
    Use: Scroll            |     4 |       |    10 |     9 |    16 |    15 |     8 ||    62
         Potion            |     2 |       |     2 |       |     1 |     7 |    13 ||    25
   Stab: Sleeping          |     2 |       |       |       |     3 |       |       ||     5
         Distracted        |       |       |       |       |     1 |       |     5 ||     6
 Armour: Leather armour    |     8 |       |       |       |       |       |       ||     8
         Plate armour      |    60 |    40 |   144 |   237 |   159 |   253 |   418 ||  1311
         Pearl dragon scal |       |       |       |       |   187 |     7 |       ||   194
         Robe              |       |       |       |       |    48 |       |       ||    48
         Ring mail         |       |       |       |       |    10 |       |       ||    10
         Skin              |       |       |       |       |     7 |       |       ||     7
  Dodge: Dodged            |    31 |    15 |    52 |   100 |   416 |   335 |   444 ||  1393
  Block: Buckler           |       |       |       |       |       |   121 |       ||   121
         Kite shield       |       |       |       |       |       |   107 |   525 ||   632
         Tower shield      |       |       |       |       |       |       |   112 ||   112

Table legend: (Time is in decaauts)
 A = Elapsed time spent in this place.
 B = Non-inter-level travel time spent in this place.
 C = Inter-level travel time spent in this place.
 D = Time resting spent in this place.
 E = Time spent auto-exploring this place.
 F = Levels seen in this place.
 G = Mean time per level.
                   A        B        C        D        E       F      G
               +--------+--------+--------+--------+--------+-----+--------+
         Total |  40825 |  37462 |   3363 |   8532 |  19637 |  35 | 1166.4 |
       Dungeon |  15807 |  14010 |   1797 |   2115 |   9064 |  15 | 1053.8 |
          Lair |   6268 |   5478 |    790 |   1177 |   3001 |   5 | 1253.6 |
        Shoals |   6139 |   5867 |    272 |   2077 |   2019 |   4 | 1534.8 |
     Snake Pit |   6441 |   6031 |    410 |   2035 |   2642 |   4 | 1610.2 |
  Orcish Mines |   1365 |   1342 |     23 |     15 |    923 |   2 |  682.5 |
        Vaults |   3268 |   3199 |     69 |    532 |   1837 |   3 | 1089.3 |
      Ice Cave |   1129 |   1129 |      0 |    498 |    149 |   1 | 1129.0 |
       Volcano |    405 |    405 |      0 |     80 |      0 |   1 |  405.0 |
               +--------+--------+--------+--------+--------+-----+--------+

Top non-repeatable levels by time:
Shoals:4: 2206 daAuts
    D:13: 1976 daAuts
 Snake:4: 1822 daAuts
Vaults:2: 1741 daAuts
 Snake:3: 1705 daAuts
     D:2: 1702 daAuts
  Lair:5: 1610 daAuts
 Snake:1: 1584 daAuts
  Lair:1: 1567 daAuts
Shoals:2: 1480 daAuts
Shoals:3: 1335 daAuts
 Snake:2: 1329 daAuts
    D:11: 1237 daAuts
    D:12: 1172 daAuts
     D:9: 1157 daAuts
